 Dungeon Crawl Stone Soup version 0.25.1-2-g60ff931df9 (webtiles) character file.

Game seed: 287357671321033817

132678 DildoBatman the Blocker (level 17, 0/128 HPs)
             Began as a Formicid Wizard on Aug 24, 2020.
             Was an Initiate of Gozag.
             Slain by Asterion
             ... wielding a +8 demon blade of venom
              (27 damage)
             ... on level 1 of the Spider Nest.
             The game lasted 02:16:51 (28500 turns).

DildoBatman the Blocker (Formicid Wizard)          Turns: 28500, Time: 02:16:52

Health: 0/128      AC: 17    Str: 14    XL:     17   Next: 70%
Magic:  1/35       EV: 19    Int: 33    God:    Gozag
Gold:   6031       SH:  0    Dex: 12    Spells: 19/44 levels left

rFire    . . .     SeeInvis +   b - +7 rapier of Eternal War {elec, Dex+3}
rCold    + + .     Gourm    .   n - +1 tower shield {AC+3}
rNeg     . . .     Faith    .   o - +2 troll leather armour
rPois    +         Spirit   .   (helmet unavailable)
rElec    .         Reflect  .   l - +2 cloak
rCorr    .         Harm     .   N - +1 pair of gloves of Prudence {-Tele +Fly rC++ Int+2}
MR       ++...                  (no boots)
Stlth    +.........             m - amulet of magic regeneration
HPRegen  0.71/turn              q - +4 ring of evasion
MPRegen  0.49/turn              L - ring of Anoxisig {rPois MR+ Int+6}

@: confused, gold aura
A: permanent stasis, dig shafts and tunnels, four strong arms, antennae 3,
clever 1, mutation resistance 1, shaggy fur 1, no potion heal 1
a: Dig, Shaft Self, Potion Petition, Call Merchant, Bribe Branch, Renounce
Religion, Evoke Flight


You were on level 1 of the Spider Nest.
You worshipped Gozag.
Gozag was greatly pleased with you.
You were full.

You visited 5 branches of the dungeon, and saw 25 of its levels.
You also visited: Sewer, Gauntlet and Ice Cave.

You collected 7845 gold pieces.
You spent 1320 gold pieces at shops.
You paid 494 gold pieces to Gozag.

Inventory:

Hand Weapons
 a - the +6 longbow of Patterns {venom, +Fly Str-2 Int+8 Dex+2}
   (You bought it in a shop on level 2 of the Orcish Mines)

   It poisons the ammo it fires.
   It affects your strength (-2).
   It affects your intelligence (+8).
   It affects your dexterity (+2).
   It lets you fly.
 b - the +7 rapier of Eternal War (weapon) {elec, Dex+3}
   (You found it in a Gauntlet)

   Occasionally, upon striking a foe, it will discharge some electrical energy
   and cause terrible harm.
   It affects your dexterity (+3).
 d - the +7 scimitar of Hacking and Slashing {flame, *Rage rC+ rN+ MR+}
   (You bought it in a shop on level 2 of the Orcish Mines)

   It has been specially enchanted to burn those struck by it, causing extra
   injury to most foes and up to half again as much damage against particularly
   susceptible opponents.
   Big, fiery blades are also staple armaments of hydra-hunters.
   It protects you from cold.
   It protects you from negative energy.
   It affects your resistance to hostile enchantments.
   It may make you go berserk in combat.
Missiles
 h - 10 curare-tipped darts
 k - 14 atropa-tipped darts (quivered)
 r - 11 throwing nets
 u - 687 arrows
 C - 15 silver javelins
 R - 181 bolts
Armour
 l - a +2 cloak (worn)
 n - a +1 tower shield of protection (worn)
 o - a +2 troll leather armour (worn)
 p - the +8 ring mail "Milaj" {Harm *Slow Int+4 SInv}
   (You took it off an orc on level 4 of the Dungeon)

   It affects your intelligence (+4).
   It lets you see invisible.
   It may slow you when you take damage.
   It increases damage dealt and taken.
 N - the +1 pair of gloves of Prudence (worn) {-Tele +Fly rC++ Int+2}
   (You found it on level 14 of the Dungeon)

   It affects your intelligence (+2).
   It greatly protects you from cold.
   It lets you fly.
   It prevents most forms of teleportation.
Magical Staves
 E - an uncursed staff of energy
 V - an uncursed staff of air
 W - an uncursed staff of wizardry
Jewellery
 m - an amulet of magic regeneration (around neck)
 q - a +4 ring of evasion (left hand)
 L - the ring of Anoxisig (right hand) {rPois MR+ Int+6}
   (You found it in a Gauntlet)

   [ring of intelligence]

   It affects your intelligence (+6).
   It protects you from poison.
   It affects your resistance to hostile enchantments.
Wands
 M - a wand of clouds (7)
 P - a wand of disintegration (17)
 U - a wand of acid (15)
Scrolls
 e - a scroll of holy word
 f - 4 scrolls of fog
 g - a scroll of torment
 s - a scroll of summoning
 x - 20 scrolls of remove curse
 z - 3 scrolls of identify
 A - a scroll of immolation
 S - 3 scrolls of fear
 X - a scroll of magic mapping
Potions
 j - 6 potions of heal wounds
 t - a potion of resistance
 D - a potion of invisibility
 F - 4 potions of flight
 I - a potion of cancellation
 J - 7 potions of curing
 K - a potion of stabbing
 Q - 6 potions of magic
 T - 5 potions of brilliance
 Z - 5 potions of might
Miscellaneous
 i - 2 phantom mirrors
Comestibles
 v - 31 rations


   Skills:
 - Level 10.0 Fighting
 * Level 0.6 Bows
 - Level 10.0 Armour
 - Level 8.0 Dodging
 - Level 2.4 Stealth
 * Level 14.6 Shields
 - Level 14.3 Spellcasting
 - Level 6.0 Conjurations
   Level 1.0 Summonings
 - Level 12.0 Necromancy
   Level 0.8 Translocations
 - Level 5.0 Fire Magic
 - Level 5.0 Air Magic
 - Level 12.0 Earth Magic


You had 19 spell levels left.
You knew the following spells:

 Your Spells              Type           Power        Failure   Level  Hunger
a - Conjure Flame         Conj/Fire      ######..     1%          3    None
b - Borgnjor's Vile Clut  Necr/Erth      #######...   1%          5    None
c - Lightning Bolt        Conj/Air       ######....   7%          5    None
d - Vampiric Draining     Necr           #######...   1%          3    None
e - Mephitic Cloud        Conj/Pois/Air  #####...     1%          3    None
h - Dispel Undead         Necr           #######.     1%          4    None
z - Sublimation of Blood  Necr           #######...   1%          2    None

Your spell library contained the following spells:

 Spells                   Type           Power        Failure   Level  Hunger
 Animate Skeleton         Necr           N/A          0%          1    None
 Pain                     Necr           ####         0%          1    None
 Apportation              Tloc           ####..       1%          1    None
 Magic Dart               Conj           ####         1%          1    None
 Summon Small Mammal      Summ           ####         1%          1    None
 Dazzling Flash           Conj/Hex       #####.       1%          3    None
 Static Discharge         Conj/Air       ######..     1%          3    None
 Animate Dead             Necr           N/A          1%          4    None
 Agony                    Necr           #######.     1%          5    None
 Corona                   Hex            ###....      2%          1    None
 Freeze                   Ice            ###.         2%          1    None
 Call Imp                 Summ           ####....     2%          2    None
 Ensorcelled Hibernation  Hex/Ice        ###...       3%          2    None
 Slow                     Hex            ###.....     3%          2    None
 Call Canine Familiar     Summ           ####....     4%          3    None
 Summon Guardian Golem    Hex/Summ       ####....     5%          3    None
 Excruciating Wounds      Chrm/Necr      ######....   5%          5    None
 Confusing Touch          Hex            ###.....     7%          3    None
 Ozocubu's Armour         Chrm/Ice       ###.....     7%          3    None
 Tukima's Dance           Hex            ###.....     7%          3    None
 Summon Lightning Spire   Summ/Air       #####...     7%          4    None
 Fireball                 Conj/Fire      ######....   7%          5    None
 Summon Ice Beast         Ice/Summ       ####....     19%         4    None
 Borgnjor's Revivificati  Necr           #######...   73%         8    ######.
 Infestation              Necr           #######...   73%         8    ######.
 Haunt                    Necr/Summ      ######....   80%         7    #####..
 Ring of Flames           Chrm/Fire      #####.....   100%        7    #####..
 Death's Door             Chrm/Necr      ######....   100%        8    ######.
 Ignition                 Fire           ######....   100%        8    ######.
 Necromutation            Tmut/Necr      ######....   100%        8    ######.
 Shatter                  Erth           #######...   100%        9    #######
 Tornado                  Air            ######....   100%        9    #######
 Blink                    Tloc           Unusable     N/A         2    N/A

Dungeon Overview and Level Annotations

Branches:
Dungeon (15/15)            Temple (1/1) D:7            Lair (6/6) D:9
 Shoals (0/4) Lair:4       Spider (1/4) Lair:2        Slime (0/5) Lair:6
    Orc (2/2) D:9             Elf (0/3) Orc:2        Vaults (0/5) D:14
 Depths (0/5) D:15          Sewer (visited)           IceCv (visited)
Gauntlet (visited)

Altars:
Ashenzari
Cheibriados
Dithmenos
Elyvilon
Fedhas
Gozag
Hepliaklqana
Kikubaaqudgha
Makhleb
Nemelex Xobeh
Okawaru
Qazlal
Ru
Sif Muna
Trog
Uskayaw
Vehumet
Wu Jian
Xom
Yredelemnul
Zin
The Shining One

Shops:
D:4 :   D:8 *   D:11 [   Orc:2 **([%:%[

Annotations:
D:3 exclusion: spectral thing
D:9 exclusion: blizzard demon
Spider:1 Asterion


Innate Abilities, Weirdness & Mutations

You cannot be hasted, slowed, berserked, paralysed or teleported.
You can dig through walls and to a lower floor.
Your four strong arms can wield two-handed weapons with a shield.
You have a pair of large antennae on your head. (SInv)
Your mind is acute. (Int +2)
You are somewhat resistant to further mutation.
You are covered in fur. (AC +1)
Potions are less effective at restoring your health.


Message History

Aiming: Borgnjor's Vile Clutch (mildly dangerous; 1% risk of failure)
Press: ? - help, Shift-Dir - straight line, f/p - Asterion
Aim: Asterion, wielding a +8 demon blade of venom, wearing a +2 leather armour of cold resistance and wearing a +0 kite shield (almost dead, fast) Zombie hands grab Asterion.
The zombie hands constrict Asterion!
The Executioner closely misses you. You block the Executioner's attack. x2
The Executioner hits you! You block the Executioner's attack.
The Executioner barely misses you.
Asterion hits you with a +8 demon blade of venom!!
Asterion gores you! The tarantella bites you.
You are confused.
The Executioner hits you!!
The Executioner hits you but does no damage.
The Executioner closely misses you.
Asterion hits you with a +8 demon blade of venom!!
You die...
Your body crumbles into a pile of gold.

# . .# .. ## .. ...
#.#### .# ....
#..s.#..#
...>.####.#....# ##
.%....H#s$$s#..##.#
#....1@#$###......
##.######.(.....$.
#s.$..##.. {
#.....##?.
#.....$... {
#....##...
###.....#..^
#......$.... ##
#.....##....


You could see Asterion (fast, clutched), an Executioner (summoned, fast), an orb
spider, a jumping spider (confused) and a tarantella.

Vanquished Creatures
  Rupert (D:15)
  Gastronok (D:9)
  Kirke (D:12)
  Agnes (D:14)
  Donald (Orc:1)
  An orc warlord (Orc:1)
  A frost giant (IceCv)
  Nessos (D:13)
  A dire elephant (D:15)
  Azrael (D:14)
  A minotaur (Gauntlet)
  The ghost of Quickbrownfox the Frost Mage, a journeyman DsIE of Vehumet (Orc:2)
  5 hydras
  The ghost of Ebobla the Carver, a journeyman DsBe of Trog (Orc:2)
  3 vault guards (D:14)
  Harold (D:9)
  A death knight (D:14)
  A centaur warrior (D:14)
  8 two-headed ogres
  8 death yaks
  An ogre mage (D:15)
  3 tengu warriors
  4 orc high priests (Orc:2)
  Urug (Lair:6)
  Nergalle (D:10)
  Sonja (D:13)
  9 skeletal warriors
  2 wizards
  2 unseen horrors
  A harpy (shapeshifter) (D:13)
  A deep elf archer (D:14)
  Pikel (D:6)
  A wolf spider zombie (D:13)
  7 orc knights
  A deep elf mage (D:12)
  4 orc sorcerers (Orc:2)
  A necromancer (Gauntlet)
  2 orb spiders (Spider:1)
  2 oklob plants (Lair:4)
  2 cyclopes
  4 wolf spiders
  A moth of wrath (Spider:1)
  3 manticores
  18 ugly things
  A naga mage (D:15)
  A centaur zombie (D:13)
  6 elephants (Lair:6)
  A merfolk siren (Lair:4)
  4 black mambas
  A guardian serpent (shapeshifter) (D:15)
  Maurice (D:8)
  2 gargoyles
  An ice statue (IceCv)
  A freezing wraith (D:14)
  20 spiny frogs
  2 death yak zombies (Lair:4)
  5 rime drakes
  A kobold demonologist (D:13)
  3 tengu conjurers
  A yaktaur (D:14)
  7 komodo dragons
  A hydra zombie (Lair:6)
  A redback zombie (D:15)
  9 trolls
  4 tyrant leeches (Lair:6)
  4 jumping spiders (Spider:1)
  A death yak skeleton (Lair:4)
  2 hornets
  15 polar bears
  Grinder (D:6)
  5 slime creatures (D:13)
  3 hydra skeletons
  28 blink frogs
  14 hippogriffs
  Sigmund (D:6)
  10 redbacks (Spider:1)
  A centaur simulacrum (D:13)
  3 wyverns
  A shadow (D:13)
  2 tarantellas (Spider:1)
  4 fire elementals (D:14)
  3 wraiths (D:14)
  7 hogs (D:12)
  61 yaks
  A golden eye (shapeshifter) (D:14)
  A steam dragon (D:13)
  4 basilisks
  A hungry ghost (D:7)
  9 vampire mosquitoes
  7 wargs
  A soldier ant (D:14)
  2 acid dragons
  3 spiny frog zombies
  2 hell hounds (D:14)
  8 porcupines
  10 water moccasins
  Duvessa (D:5)
  A hornet zombie (D:11)
  4 slaves (D:6)
  A spiny frog skeleton (Lair:4)
  37 orc warriors
  An ice beast (D:5)
  5 black bears
  A blink frog zombie (Lair:4)
  A dream sheep zombie (Lair:3)
  An eye of draining (D:10)
  15 ogres
  A necrophage (D:11)
  An elephant zombie (Lair:5)
  A lindwurm zombie (Lair:2)
  2 phantoms
  4 boggarts (D:15)
  17 wolves
  21 centaurs
  A rime drake zombie (Lair:1)
  14 crocodiles
  A blink frog skeleton (Lair:5)
  A komodo dragon zombie (Lair:5)
  6 big kobolds
  4 small abominations (Gauntlet)
  29 bullfrogs
  A komodo dragon skeleton (Lair:1)
  4 gnoll sergeants
  A wyvern zombie (D:13)
  Dowan (D:5)
  2 water moccasin zombies
  3 scorpions
  A wyvern skeleton (D:11)
  A water moccasin skeleton (Lair:5)
  14 killer bees
  A yak zombie (Lair:4)
  13 wights
  A yak skeleton (Lair:4)
  5 howler monkeys
  3 electric eels
  4 crimson imps
  9 jellies
  5 hounds
  A wyvern simulacrum (D:15)
  Crazy Yiuf (D:6)
  A basilisk zombie (Lair:1)
  A gnoll shaman (D:10)
  30 orc priests
  5 centaur skeletons
  29 orc wizards
  5 bullfrog skeletons
  Jessica (D:2)
  5 iguanas
  11 worker ants
  5 porcupine zombies
  A sky beast zombie (D:9)
  A hound zombie (D:10)
  A worker ant zombie (D:7)
  13 gnolls
  25 adders
  2 river rats
  8 shadow imps
  2 white imps (Gauntlet)
  3 oozes
  An adder skeleton (D:4)
  4 worms
  4 dart slugs
  6 leopard geckos
  114 orcs
  4 ball pythons
  4 giant cockroaches
  8 goblins
  5 hobgoblins
  17 jackals
  11 kobolds
  6 quokkas
  6 bats
  13 frilled lizards
  A hobgoblin zombie (D:9)
  3 leopard gecko skeletons
  12 rats
  2 fungi
  2 plants (Lair:6)
1015 creatures vanquished.

Vanquished Creatures (collateral kills)
  A komodo dragon (Lair:4)
  A killer bee (D:9)
  An adder (Lair:3)
3 creatures vanquished.

Vanquished Creatures (others)
  2 water elementals (D:14)
  A tarantella (Spider:1)
  A yak (D:14)
  3 wolves (IceCv)
  An electric eel (D:14)
  A bush (Lair:6)
  27 fungi
  56 plants
92 creatures vanquished.

Grand Total: 1110 creatures vanquished

Notes
Turn   | Place    | Note
-------+----------+-------------------------------------------
     0 | D:1      | DildoBatman the Formicid Wizard began the quest for the
                  | Orb.
     0 | D:1      | Reached XP level 1. HP: 13/13 MP: 4/4
     6 | D:1      | Reached skill level 1 in Conjurations
   161 | D:1      | Reached XP level 2. HP: 19/19 MP: 1/6
   637 | D:1      | Reached XP level 3. HP: 24/24 MP: 7/7
   642 | D:1      | Learned a level 3 spell: Conjure Flame
   646 | D:1      | Learned a level 3 spell: Mephitic Cloud
  1389 | D:2      | Reached XP level 4. HP: 30/30 MP: 8/8
  2169 | D:3      | Reached XP level 5. HP: 31/35 MP: 9/9
  2223 | D:3      | Found a glowing golden altar of the Shining One.
  2373 | D:3      | Found a shimmering altar of Xom.
  2416 | D:3      | Found a white marble altar of Elyvilon.
  2420 | D:3      | Noticed Jessica
  2459 | D:3      | Found a glowing drain.
  2506 | D:3      | Reached XP level 6. HP: 17/41 MP: 10/10
  2547 | Sewer    | Entered a sewer
  2561 | Sewer    | Reached skill level 5 in Conjurations
  2672 | Sewer    | Found a white marble altar of Elyvilon.
  2898 | D:3      | Found a shadowy altar of Dithmenos.
  3006 | D:3      | Found a shimmering altar of Xom.
  3007 | D:3      | Found a hazy altar of Hepliaklqana.
  3008 | D:3      | Noticed a spectral ugly thing
  3512 | D:4      | You fall into a shaft and drop 2 floors!
  3557 | D:6      | Noticed Grinder
  3578 | D:5      | Entered Level 5 of the Dungeon
  3621 | D:5      | Reached skill level 1 in Fire Magic
  3621 | D:5      | Reached skill level 1 in Air Magic
  3621 | D:5      | Reached XP level 7. HP: 41/46 MP: 11/11
  3702 | D:5      | Noticed Duvessa
  3702 | D:5      | Noticed Dowan
  3907 | D:5      | Got a polished chain mail
  4332 | D:5      | Found a sparkling altar of Nemelex Xobeh.
  4590 | D:4      | You fall into a shaft and drop 2 floors!
  4632 | D:6      | Noticed Sigmund
  4734 | D:6      | Reached XP level 8. HP: 23/52 MP: 9/12
  4753 | D:6      | Killed Sigmund
  4858 | D:4      | Found Gyczasan's Book Emporium.
  5176 | D:4      | Identified the +8 ring mail "Milaj" {Harm *Slow Int+4 SInv}
  5235 | D:4      | Identified the cursed +0 chain mail "Jowkeera" {+Blink
                  | Regen+ Int+6} (You found it on level 5 of the Dungeon)
  5251 | D:4      | Gained mutation: You are frail. (-10% HP) [potion of
                  | mutation]
  5251 | D:4      | Gained mutation: Your magical capacity is low. (-10% MP)
                  | [potion of mutation]
  5251 | D:4      | Gained mutation: You are agile. (Dex +2) [potion of
                  | mutation]
  5252 | D:4      | Lost mutation: Your magical capacity is low. (-10% MP)
                  | [potion of mutation]
  5252 | D:4      | Lost mutation: You are frail. (-10% HP) [potion of
                  | mutation]
  5252 | D:4      | Gained mutation: You are partially covered in large bone
                  | plates. (SH +4) [potion of mutation]
  5252 | D:4      | Gained mutation: Your spells are a little harder to cast,
                  | but a little more powerful. [potion of mutation]
  5252 | D:4      | Gained mutation: Your muscles are strong. (Str +2) [potion
                  | of mutation]
  5794 | D:6      | Reached skill level 5 in Fire Magic
  5871 | D:7      | Noticed a hippogriff
  5882 | D:7      | Killed a hippogriff
  5882 | D:7      | Reached XP level 9. HP: 29/57 MP: 15/15
  6128 | D:7      | Reached skill level 5 in Air Magic
  6133 | D:7      | Reached skill level 5 in Spellcasting
  6237 | D:7      | Found a staircase to the Ecumenical Temple.
  6246 | Temple   | Entered the Ecumenical Temple
  6351 | Temple   | Became a worshipper of Kikubaaqudgha
  6522 | D:7      | Reached skill level 1 in Shields
  6987 | D:6      | Killed Grinder
  7016 | D:6      | Found a sacrificial altar of Ru.
  7095 | D:6      | Noticed Pikel
  7109 | D:6      | Killed Pikel
  7109 | D:6      | Reached skill level 1 in Fighting
  7109 | D:6      | Reached skill level 1 in Armour
  7219 | D:6      | Reached XP level 10. HP: 66/66 MP: 20/20
  7371 | D:6      | Found a runed translucent door.
  7372 | D:6      | Noticed Crazy Yiuf
  7394 | D:6      | Killed Crazy Yiuf
  7668 | D:5      | Killed Duvessa
  7673 | D:5      | Killed Dowan
  7677 | D:5      | Reached * piety under Kikubaaqudgha
  7677 | D:5      | Identified Kikubaaqudgha's Reference Book on Unholy Secrets
                  | (Kikubaaqudgha gifted it to you on level 5 of the Dungeon)
  7677 | D:5      | Received a gift from Kikubaaqudgha
  7989 | D:2      | Killed Jessica
  8225 | D:8      | Noticed Maurice
  8252 | D:8      | Killed Maurice
  8265 | D:8      | Noticed a two-headed ogre
  8344 | D:8      | Found a shimmering blue altar of Sif Muna.
  8541 | D:8      | Reached skill level 5 in Shields
  8722 | D:8      | Found Plog's General Store.
  8962 | D:8      | Killed a two-headed ogre
  9041 | D:9      | Found a burning altar of Makhleb.
  9043 | D:9      | Noticed a blizzard demon
  9049 | D:9      | Noticed a smoke demon
  9065 | D:9      | Noticed Gastronok
  9159 | D:9      | Reached ** piety under Kikubaaqudgha
  9282 | D:9      | Reached skill level 1 in Necromancy
  9369 | D:9      | Noticed Harold
  9427 | D:9      | Killed Harold
  9427 | D:9      | Reached skill level 5 in Fighting
  9427 | D:9      | Reached skill level 5 in Armour
  9427 | D:9      | Reached XP level 11. HP: 79/79 MP: 15/21
  9498 | D:9      | Found a staircase to the Lair.
 10196 | D:10     | Entered Level 10 of the Dungeon
 10224 | D:9      | Reached skill level 5 in Dodging
 10359 | D:9      | Learned a level 2 spell: Sublimation of Blood
 10363 | D:9      | Learned a level 3 spell: Vampiric Draining
 10376 | D:10     | Found an opulent altar of Gozag.
 10474 | D:9      | Found a staircase to the Orcish Mines.
 10477 | D:9      | Reached *** piety under Kikubaaqudgha
 10477 | D:9      | Identified Kikubaaqudgha's Compendium of Darkness
                  | (Kikubaaqudgha gifted it to you on level 9 of the Dungeon)
 10477 | D:9      | Received a gift from Kikubaaqudgha
 10618 | D:9      | Learned a level 5 spell: Borgnjor's Vile Clutch
 10623 | D:9      | Learned a level 4 spell: Dispel Undead
 10714 | D:10     | Reached skill level 1 in Earth Magic
 10975 | D:10     | Noticed a two-headed ogre
 11001 | D:10     | Killed a two-headed ogre
 11136 | D:10     | Reached **** piety under Kikubaaqudgha
 11144 | D:10     | Reached skill level 5 in Necromancy
 11204 | D:10     | Noticed Nergalle
 11231 | D:10     | Killed Nergalle
 11415 | Orc:1    | Entered Level 1 of the Orcish Mines
 11518 | Orc:1    | Reached XP level 12. HP: 67/88 MP: 22/22
 11556 | Orc:1    | Reached skill level 5 in Earth Magic
 11934 | Orc:1    | Reached ***** piety under Kikubaaqudgha
 12275 | Orc:2    | Entered Level 2 of the Orcish Mines
 12275 | Orc:2    | Noticed an orc warlord
 12275 | Orc:2    | Noticed an orc high priest
 12277 | Orc:2    | Noticed Donald
 12292 | Orc:2    | Found Zably's General Store.
 12295 | Orc:2    | Noticed an orc high priest
 12303 | Orc:2    | Killed an orc high priest
 12863 | Orc:1    | Killed Donald
 13009 | Orc:2    | Killed an orc high priest
 13037 | Orc:2    | Found Ofir's General Store.
 13163 | Orc:1    | Killed an orc warlord
 13163 | Orc:1    | Reached XP level 13. HP: 83/93 MP: 15/23
 13316 | Orc:2    | Bought a scroll of identify for 24 gold pieces
 13316 | Orc:2    | Bought a scroll of immolation for 42 gold pieces
 13452 | Orc:2    | Found Xacit's Antique Weapon Emporium.
 13484 | Orc:2    | Found Xeatt's Antique Armour Emporium.
 13518 | Orc:2    | Found Gefuez's Food Emporium.
 13900 | Orc:2    | Reached ****** piety under Kikubaaqudgha
 13929 | Orc:1    | Received a gift from Kikubaaqudgha
 13939 | Orc:1    | Fell from the grace of Kikubaaqudgha
 13994 | D:10     | Became a worshipper of Gozag Ym Sagoz the Greedy
 14032 | Lair:1   | Entered Level 1 of the Lair of Beasts
 14540 | D:9      | Killed Gastronok
 15927 | Lair:2   | Found a hole to the Spider Nest.
 16306 | Lair:2   | Noticed an eight-headed hydra
 16321 | Lair:2   | Killed an eight-headed hydra
 16513 | Lair:2   | Reached XP level 14. HP: 83/106 MP: 24/24
 17705 | Lair:4   | Found a staircase to the Shoals.
 19043 | Lair:5   | Found a glowing golden altar of the Shining One.
 19784 | Lair:6   | Entered Level 6 of the Lair of Beasts
 19804 | Lair:6   | Reached skill level 10 in Fighting
 19804 | Lair:6   | Reached skill level 10 in Armour
 20188 | Lair:6   | Reached skill level 10 in Spellcasting
 20288 | Lair:6   | Noticed Urug
 20623 | Lair:5   | Was forgiven by Kikubaaqudgha
 20678 | Lair:6   | Killed Urug
 21041 | Lair:6   | Reached XP level 15. HP: 75/115 MP: 20/30
 21516 | Lair:6   | Found a staircase to the Slime Pits.
 22842 | D:11     | Found Haopn's Antique Armour Boutique.
 23503 | D:12     | Noticed Kirke
 23525 | D:12     | Killed Kirke
 23717 | D:13     | Found a gate leading to a gauntlet.
 23722 | Gauntlet | Entered a Gauntlet
 23722 | Gauntlet | Found a transporter.
 23722 | Gauntlet | Found a transporter.
 23722 | Gauntlet | Found a transporter.
 23723 | Gauntlet | Found a transporter.
 23724 | Gauntlet | Found a transporter.
 23727 | Gauntlet | Found a transporter.
 23736 | Gauntlet | Found a transporter.
 23737 | Gauntlet | Found a transporter.
 23738 | Gauntlet | Found a transporter.
 23738 | Gauntlet | Found a transporter.
 23746 | Gauntlet | Found a transporter.
 23746 | Gauntlet | Found a transporter.
 23852 | Gauntlet | Reached skill level 10 in Earth Magic
 23870 | Gauntlet | Got a heavily runed copper ring
 23881 | Gauntlet | Identified the +6 leather armour of the Bulwark {rPois rN++
                  | Str+5 Int-3}
 23882 | Gauntlet | Identified the ring of the Oligarchy {*Tele Int+2} (You
                  | found it in a Gauntlet)
 23910 | Gauntlet | Got a shimmering wooden ring
 23916 | Gauntlet | Got a transparent rapier
 23918 | Gauntlet | Got a slimy robe
 23922 | Gauntlet | Identified the Reference Book on the Frigorific Arsonist
 23932 | D:13     | Found a frozen archway.
 23947 | IceCv    | Entered an ice cave
 23971 | IceCv    | Reached XP level 16. HP: 114/122 MP: 34/34
 24038 | IceCv    | Identified the +1 robe of Parts Unknown {Int+2} (You found
                  | it in a Gauntlet)
 24048 | IceCv    | Identified the +7 rapier of Eternal War {elec, Dex+3} (You
                  | found it in a Gauntlet)
 24053 | IceCv    | Identified the ring of Anoxisig {rPois MR+ Int+6} (You
                  | found it in a Gauntlet)
 24373 | IceCv    | Noticed a frost giant
 24382 | IceCv    | Killed a frost giant
 24422 | IceCv    | Got a warped hand axe
 24540 | D:13     | Identified the +9 hand axe of the Purple Skies {vamp, rF-
                  | rC++ rN+ Str-4} (You found it in an ice cave)
 24651 | D:13     | Reached skill level 10 in Necromancy
 25072 | D:13     | Noticed Nessos
 25082 | D:13     | Killed Nessos
 25216 | D:13     | Noticed Sonja
 25220 | D:13     | Killed Sonja
 25744 | D:14     | Noticed Agnes
 25752 | D:14     | Killed Agnes
 25857 | D:14     | Got a pair of distressingly furry gloves
 25896 | D:14     | Got a jewelled triple sword
 25935 | D:14     | Identified the cursed +2 triple sword "Quod" {flame, rC++
                  | MP-9 Dex+5} (You found it on level 14 of the Dungeon)
 25946 | D:14     | Identified the +1 pair of gloves of Prudence {-Tele +Fly
                  | rC++ Int+2} (You found it on level 14 of the Dungeon)
 25969 | D:14     | Reached skill level 10 in Shields
 26245 | D:14     | Noticed Azrael
 26253 | D:14     | Reached XP level 17. HP: 128/128 MP: 8/35
 26254 | D:14     | Killed Azrael
 26287 | D:14     | Learned a level 5 spell: Lightning Bolt
 26440 | D:14     | Found a gate to the Vaults.
 26825 | D:15     | Entered Level 15 of the Dungeon
 27086 | D:15     | Found a staircase to the Depths.
 27320 | D:15     | Noticed Rupert
 27332 | D:15     | Killed Rupert
 27640 | D:15     | Identified 3 scrolls of acquirement
 27641 | D:15     | Lost mutation: Your muscles are strong. (Str +2) [potion of
                  | mutation]
 27641 | D:15     | Lost mutation: You are agile. (Dex +2) [potion of mutation]
 27641 | D:15     | Lost mutation: Your spells are a little harder to cast, but
                  | a little more powerful. [potion of mutation]
 27641 | D:15     | Gained mutation: Scrolls take you a little longer to read.
                  | [potion of mutation]
 27641 | D:15     | Gained mutation: You are robust. (+10% HP) [potion of
                  | mutation]
 27641 | D:15     | Gained mutation: You are covered in fur. (AC +1) [potion of
                  | mutation]
 27642 | D:15     | Lost mutation: You are robust. (+10% HP) [potion of
                  | mutation]
 27642 | D:15     | Lost mutation: You are partially covered in large bone
                  | plates. (SH +4) [potion of mutation]
 27642 | D:15     | Lost mutation: Scrolls take you a little longer to read.
                  | [potion of mutation]
 27642 | D:15     | Lost mutation: You are covered in fur. (AC +1) [potion of
                  | mutation]
 27642 | D:15     | Gained mutation: You are dopey. (Int -2) [potion of
                  | mutation]
 27642 | D:15     | Gained mutation: You are partially covered in thin metallic
                  | scales. (AC +2) [potion of mutation]
 27643 | D:15     | Lost mutation: You are partially covered in thin metallic
                  | scales. (AC +2) [potion of mutation]
 27643 | D:15     | Lost mutation: You are dopey. (Int -2) [potion of mutation]
 27643 | D:15     | Gained mutation: You are covered in fur. (AC +1) [potion of
                  | mutation]
 27643 | D:15     | Gained mutation: Potions are less effective at restoring
                  | your health. [potion of mutation]
 27643 | D:15     | Gained mutation: You are resistant to electric shocks.
                  | (rElec) [potion of mutation]
 27644 | D:15     | Lost mutation: You are resistant to electric shocks.
                  | (rElec) [potion of mutation]
 27644 | D:15     | Gained mutation: Your mind is acute. (Int +2) [potion of
                  | mutation]
 27644 | D:15     | Gained mutation: You are somewhat resistant to further
                  | mutation. [potion of mutation]
 27801 | Orc:2    | Bought a scroll of identify for 34 gold pieces
 27801 | Orc:2    | Bought a potion of magic for 136 gold pieces
 27801 | Orc:2    | Bought a potion of magic for 136 gold pieces
 27814 | Orc:2    | Bought an embroidered cloak for 180 gold pieces
 27849 | Orc:2    | Found Ovao's Book Boutique.
 27856 | Orc:2    | Found Ijeigirch's Food Emporium.
 27876 | Orc:2    | Bought a jewelled scimitar for 261 gold pieces
 27876 | Orc:2    | Bought a brightly glowing longbow for 275 gold pieces
 27876 | Orc:2    | Bought a scorched spear for 232 gold pieces
 27949 | Orc:2    | Found Titas's Armour Boutique.
 28101 | Orc:2    | Found a staircase to the Elven Halls.
 28118 | Orc:2    | Found a runed translucent gate.
 28118 | Orc:2    | Found a runed translucent gate.
 28118 | Orc:2    | Found a runed translucent gate.
 28118 | Orc:2    | Noticed Ebobla's ghost (journeyman DsBe)
 28120 | Orc:2    | Noticed Quickbrownfox's ghost (journeyman DsIE)
 28145 | Orc:2    | Killed Quickbrownfox's ghost
 28148 | Orc:2    | Killed Ebobla's ghost
 28174 | Orc:2    | Identified the +7 scimitar of Hacking and Slashing {flame,
                  | *Rage rC+ rN+ MR+} (You bought it in a shop on level 2 of
                  | the Orcish Mines)
 28175 | Orc:2    | Identified the +6 longbow of Patterns {venom, +Fly Str-2
                  | Int+8 Dex+2} (You bought it in a shop on level 2 of the
                  | Orcish Mines)
 28176 | Orc:2    | Identified the cursed +2 spear "Doossek" {freeze, +Blink
                  | +Inv MR- Str-3} (You bought it in a shop on level 2 of the
                  | Orcish Mines)
 28414 | Spider:1 | Entered Level 1 of the Spider Nest
 28487 | Spider:1 | Noticed Asterion
 28499 | Spider:1 | Noticed an Executioner
 28500 | Spider:1 | Slain by Asterion

Illustrated notes

Levels and vault maps discovered:
D:1:      minmay_arrival_three_doors, layout_basic, minmay_indecisive_spiral
D:2:      minmay_recursive_quarters, layout_basic
D:3:      layout_loops_corners, regret_index_temple_of_mockery,
          nicolae_overflow_crystal_walls, lemuel_doored_altar,
          grunt_dithmenos_smoke, portal_sewer_entry_b, dk_xom_monty_hall,
          uniq_jessica
D:4:      layout_loops_corners, first_ration, serial_shops, shop
D:5:      layout_loops_ring, nemelex_dance_club_becter, uniq_duvessa
D:6:      layout_basic, nicolae_ru_great_annihilating_truth, uniq_pikel,
          uniq_crazy_yiuf_cottage, uniq_grinder, uniq_sigmund
D:7:      layout_basic, minmay_temple_entry_antechambers, grunt_ogre_cave
D:8:      layout_loops_cross, serial_shops,
          nicolae_shop_temple_entry_statues_fountains, basic_altar, uniq_maurice
D:9:      layout_loops_corners, makhleb_altar_promises_db, lair_entry_dummy,
          kennysheep_orc_monster_closet_entryway, grunt_decor_cap,
          skrybe_limestone_x, uniq_harold, uniq_gastronok
D:10:     layout_roguey, minmay_misc_feat_pillars, grunt_gozag_statues,
          uniq_nergalle
D:11:     layout_stronghold, serial_shops, kennysheep_mini_moat
D:12:     layout_cross, uniq_kirke
D:13:     layout_cave_pods, portal_ice_cave_entry_pillars_1,
          gauntlet_entry_generic, special_room [special_room_orc],
          hangedman_weighted_door, uniq_sonja, uniq_nessos
D:14:     layout_basic, grunt_vaults_entry_fortified, minmay_misc_feat_tiny,
          lemuel_freeze_loot_1, uniq_azrael, uniq_agnes
D:15:     hangedman_depths_entry_try_elsewhere_first, layout_loops_ring,
          uniq_rupert
Temple:   lightli_temple_of_artemis
Lair:1:   layout_chaotic_city, serial_bayou_shore_b
Lair:2:   layout_small_grid, spider_nest_entry_rubble, serial_bayou,
          serial_bayou_pond_a, serial_bayou_pond_e, serial_bayou_ford_a,
          serial_bayou_pond_b, minivault_19
Lair:3:   minmay_lair_venomous_thicket, layout_regular_city
Lair:4:   layout_misc_corridors, minmay_shoals_entry_lonely_mermaid,
          minmay_hedge_maze, grunt_forest_small_clearings, dpeg_oklob_1
Lair:5:   layout_cellular_growth, serial_rivers, chequers_serial_rivers_micro_e,
          chequers_serial_rivers_large_a, chequers_serial_rivers_small_b,
          chequers_serial_rivers_small_b, lemuel_centaur_altar,
          lemuel_fruit_tree
Lair:6:   minmay_lair_end_frog_pond, layout_cave_pods, slime_dummy, uniq_urug
Spider:1: layout_spider_delve, hangedman_spider_tarantella_strand,
          uniq_asterion, uniq_josephine
Orc:1:    layout_diamond_mine, library_closet
Orc:2:    grunt_orc_gardens, layout_caves, grunt_orc_garden, grunt_orc_garden,
          grunt_orc_garden, grunt_orc_garden, serial_shops, shop_statue, shop,
          shop, nicolae_shop_behind_doors, gammafunk_ghost_cemetery, uniq_donald

Skill      XL: |  1  2  3  4  5  6  7  8  9 10 11 12 13 14 15 16 17 |
---------------+----------------------------------------------------+-----
Conjurations   | 1 2 3 4 5 6 |  6.0
Fire Magic     | 1 3 5 |  5.0
Air Magic      | 1 2 4 5 |  5.0
Spellcasting   | 4 7 11 14 | 14.3
Shields        | 3 6 7 9 10 14 | 14.6
Fighting       | 1 5 6 8 10 | 10.0
Armour         | 1 5 6 8 10 | 10.0
Dodging        | 2 4 5 7 8 |  8.0
Necromancy     | 2 5 9 12 | 12.0
Earth Magic    | 4 9 10 12 | 12.0
Bows           | |  0.6
Stealth        | |  2.4
Summonings     | |  1.0
Translocations | |  0.8

Action                   |  1- 3 |  4- 6 |  7- 9 | 10-12 | 13-15 | 16-18 || total
-------------------------+-------+-------+-------+-------+-------+-------++-------
Melee: Club              |     1 |       |       |       |       |       ||     1
       Rapier            |       |     2 |       |       |       |   290 ||   292
       Dagger            |       |       |   150 |   131 |   231 |       ||   512
       Spear             |       |       |       |   295 |   645 |       ||   940
       Battleaxe         |       |       |       |     5 |       |       ||     5
       Whip              |       |       |       |       |    19 |       ||    19
       Mace              |       |       |       |       |    17 |       ||    17
       Scimitar          |       |       |       |       |   145 |     2 ||   147
 Fire: Hunting sling     |       |     2 |     3 |    13 |    15 |       ||    33
       Longbow           |       |       |       |       |       |    20 ||    20
Throw: Dart              |       |       |       |     4 |     5 |       ||     9
 Cast: Magic Dart        |    72 |   137 |   324 |   229 |    42 |       ||   804
       Mephitic Cloud    |       |     4 |    16 |    61 |    86 |    17 ||   184
       Conjure Flame     |       |     5 |     6 |    38 |    77 |    14 ||   140
       Vampiric Draining |       |       |       |     6 |    51 |     6 ||    63
       Borgnjor's Vile C |       |       |       |    18 |   119 |   122 ||   259
       Sublimation of Bl |       |       |       |     3 |     3 |     8 ||    14
       Dispel Undead     |       |       |       |       |    13 |    21 ||    34
       Lightning Bolt    |       |       |       |       |       |     9 ||     9
Invok: Receive Necronomi |       |       |       |       |     1 |       ||     1
       Renounce Religion |       |       |       |       |     1 |       ||     1
 Abil: Dig               |       |    10 |    13 |    21 |    58 |     8 ||   110
Evoke: Wand              |       |       |       |       |       |     2 ||     2
  Use: Scroll            |       |     7 |     6 |     4 |     2 |    21 ||    40
       Potion            |       |       |     2 |       |     3 |     6 ||    11
 Stab: Confused          |       |       |     5 |    23 |    41 |     4 ||    73
       Distracted        |       |       |       |       |     7 |     4 ||    11
       Sleeping          |       |       |       |       |     1 |     1 ||     2
  Eat: Chunk             |     1 |    10 |    11 |    26 |     8 |       ||    56
       Ration            |       |       |     2 |       |    18 |     4 ||    24
Armor: Robe              |     4 |     6 |     2 |       |       |       ||    12
       Ring mail         |       |       |    79 |    92 |    10 |       ||   181
       Troll leather arm |       |       |       |     6 |   161 |    53 ||   220
Dodge: Dodged            |     9 |    29 |   103 |   151 |   424 |   244 ||   960
Block: Other             |       |       |    23 |       |       |       ||    23
       Buckler           |       |       |    25 |   128 |       |       ||   153
       Kite shield       |       |       |       |    11 |   775 |   325 ||  1111
       Tower shield      |       |       |       |       |       |    32 ||    32
       Rpst.: Scimitar   |       |       |       |       |    22 |       ||    22
